 Dungeon Crawl Stone Soup version 0.21-a0-529-g8c7b3f5 (webtiles) character file.

392 slep the Chopper (level 6, 0/47 HPs)
             Began as a Demonspawn Gladiator on Dec 10, 2017.
             Succumbed to a worker ant's poison
             ... on level 4 of the Dungeon.
             The game lasted 00:10:59 (2951 turns).

slep the Chopper (Demonspawn Gladiator)             Turns: 2951, Time: 00:10:59

Health: 0/47       AC:  4    Str: 16    XL:     6   Next: 51%
Magic:  6/6        EV: 15    Int:  9    God:
Gold:   208        SH:  0    Dex: 15    Spells: 5/5 levels left

rFire    . . .     SeeInvis .   a - +0 war axe
rCold    . . .     Gourm    .   (no shield)
rNeg     . . .     Faith    .   b - +0 leather armour
rPois    .         Spirit   .   c - +0 helmet
rElec    .         Reflect  .   (no cloak)
rCorr    .         Harm     .   (no gloves)
MR       .....                  (no boots)
Stlth    +.........             (no amulet)
HPRegen  0.15/turn              (no ring)
MPRegen  0.10/turn              (no ring)

@: lethally poisoned (0 -> -1), very slow
A: claws 1, repulsion field 1, powered by pain 1
a: no special abilities


You were on level 4 of the Dungeon.
You were not hungry.

You visited 1 branch of the dungeon, and saw 4 of its levels.

You collected 208 gold pieces.

Inventory:

Hand Weapons
 a - a +0 war axe (weapon)
 m - a +0 hunting sling of freezing
Missiles
 d - 3 throwing nets
 l - 6 tomahawks (quivered)
 n - 34 sling bullets
Armour
 b - a +0 leather armour (worn)
 c - a +0 helmet (worn)
Scrolls
 e - 2 scrolls of random uselessness {unknown}
 h - 5 scrolls of identify {unknown}
 i - 2 scrolls of remove curse {unknown}
 j - 5 scrolls of teleportation {unknown}
 k - a scroll of blinking {unknown}
 o - a scroll of magic mapping {unknown}
 s - 2 scrolls of noise {unknown}
 t - 2 scrolls of enchant armour {unknown}
 u - a scroll of amnesia {unknown}
Potions
 r - a potion of invisibility
Books
 p - a book of Cantrips

   Spells                             Type                      Level
   a - Confusing Touch                Hexes                        1
   b - Animate Skeleton               Necromancy                   1
   c - Summon Small Mammal            Summoning                    1
   d - Apportation                    Translocation                1
Comestibles
 f - 3 bread rations
 g - 3 fruits


   Skills:
 + Level 3.1 Fighting
 + Level 5.2 Axes
 + Level 2.0 Throwing
 + Level 1.8 Armour
 + Level 3.6 Dodging
 + Level 0.7 Stealth


You had 5 spell levels left.
You didn't know any spells.

Dungeon Overview and Level Annotations

Branches:
Dungeon (4/15)
 Temple: D:4-7

Altars:
Ashenzari

Portals:
Sewer: D:4


Innate Abilities, Weirdness & Mutations

You have sharp fingernails.
You are surrounded by a mild repulsion field. (EV +2)
You sometimes gain a little power by taking damage.


Message History

You feel sick.
You feel sick.
l - 6 tomahawks (gained 1)
d - 3 throwing nets (gained 1)
You feel sick.
You enter the shallow water.
Moving in this stuff is going to be slow.
A leopard gecko and a giant cockroach come into view.
You feel sick.
The leopard gecko bites you but does no damage.
Your unstable footing causes you to fumble your attack.
The leopard gecko splashes around in the water.
The giant cockroach barely misses you. The leopard gecko bites you.
* * * LOW HITPOINT WARNING * * *
Okay, then.
You slash the giant cockroach!
You kill the giant cockroach!
You slash the leopard gecko!
You kill the leopard gecko!
You die...

####### ..... .......
#...# #####.
#≈≈≈##..%# #.
#≈≈≈#....# #.
#≈≈≈##...# # #.
#≈≈≈##...#.# #.
#≈∩≈#....#.# #†
#†@≈#......# #.
#≈≈≈#......# #.
#≈≈≈#......#.#####.
#≈≈≈#..............
#..(#....#.#.######
#.#...[........#....
...#...##.##.#..#.###
###.#.†.#
....#..#.... #.#...#
.####..#####


There were no monsters in sight!

Vanquished Creatures
  2 orc priests (D:4)
  An orc wizard (D:4)
  2 worker ants (D:4)
  Robin (D:2)
  7 adders
  3 gnolls (D:3)
  A howler monkey skeleton (D:4)
  3 oozes
  2 worms
  A dart slug (D:2)
  8 leopard geckos
  7 orcs (D:4)
  9 bats
  10 giant cockroaches
  16 goblins
  12 hobgoblins
  3 jackals (D:1)
  A quokka (D:3)
  4 ball pythons
  6 frilled lizards
  11 kobolds
  6 rats
116 creatures vanquished.

Notes
Turn   | Place    | Note
-------+----------+-------------------------------------------
     0 | D:1      | slep the Demonspawn Gladiator began the quest for the Orb.
     0 | D:1      | Reached XP level 1. HP: 16/16 MP: 1/1
    72 | D:1      | Gained mutation: You are surrounded by a mild repulsion field. (EV +2) [demonic ancestry]
    72 | D:1      | Reached XP level 2. HP: 21/22 MP: 2/2
   123 | D:1      | Reached skill level 3 in Axes
   408 | D:1      | Gained mutation: You sometimes gain a little power by taking damage. [demonic ancestry]
   408 | D:1      | Reached XP level 3. HP: 27/28 MP: 3/3
   777 | D:2      | Reached XP level 4. HP: 21/34 MP: 4/4
  1053 | D:2      | Noticed Robin
  1065 | D:2      | Killed Robin
  1629 | D:2      | Reached skill level 4 in Axes
  1751 | D:3      | Reached XP level 5. HP: 38/40 MP: 5/5
  1799 | D:3      | Found a shattered altar of Ashenzari.
  1977 | D:3      | HP: 2/41 [adder (3)]
  1983 | D:3      | Reached skill level 1 in Armour
  2635 | D:4      | Gained mutation: You have sharp fingernails. [demonic ancestry]
  2635 | D:4      | Reached XP level 6. HP: 29/47 MP: 6/6
  2732 | D:4      | Reached skill level 5 in Axes
  2926 | D:4      | Found a glowing drain.
  2949 | D:4      | HP: 1/47 [leopard gecko (2)]
  2951 | D:4      | Succumbed to a worker ant's poison

Vault maps used:
D:1:      tarquinn_simple_flora_water_d
D:2:      uniq_robin
D:3:      cheibrodos_ashenzari_chains, kennysheep_doodads
D:4:      portal_sewer_entry_f, first_bread, lightli_corner_chamber

Skill      XL: |  1  2  3  4  5  6 |
---------------+-------------------+-----
Dodging        | 3 |  3.6
Axes           | 3 4 5 |  5.2
Throwing       | 2 |  2.0
Fighting       | 3 |  3.1
Armour         | 1 |  1.8
Stealth        | |  0.7

Action                   |  1- 3 |  4- 6 || total
-------------------------+-------+-------++-------
Melee: War axe           |   101 |   252 ||   353
Throw: Throwing net      |       |     1 ||     1
       Tomahawk          |       |     1 ||     1
  Use: Potion            |       |     3 ||     3
 Stab: Invisible         |       |     2 ||     2
       Sleeping          |       |     3 ||     3
  Eat: Chunk             |       |     7 ||     7
Armor: Leather armour    |    41 |    61 ||   102
Dodge: Dodged            |   120 |   208 ||   328

Table legend:
 A = Spawn XP
 B = Non-spawn XP
 C = Spawn XP percentage of total XP
 D = Spawn monster count
 E = Non-spawn monster count
 F = Spawn count percentage of total count
 G = Total turns spent on level
                    A         B        C        D         E        F      G
               +---------+---------+-------+---------+---------+-------+---------
         Total |       0 |     561 |   0.0 |       0 |     116 |   0.0 |  2951
               +---------+---------+-------+---------+---------+-------+---------
           D:1 |       0 |      53 |   0.0 |       0 |      29 |   0.0 |   674
           D:2 |       0 |     124 |   0.0 |       0 |      37 |   0.0 |  1055
           D:3 |       0 |     144 |   0.0 |       0 |      30 |   0.0 |   854
           D:4 |       0 |     240 |   0.0 |       0 |      20 |   0.0 |   368
               +---------+---------+-------+---------+---------+-------+---------
